 Dungeon Crawl Stone Soup version 0.22-a0-157-g169b76a (webtiles) character file.

42 KristoblXynda the Charmwright (level 3, -1/18 HPs)
             Began as a Spriggan Skald on Feb 8, 2018.
             Slain by an adder (3 damage)
             ... on level 2 of the Dungeon.
             The game lasted 00:02:54 (1044 turns).

KristoblXynda the Charmwright (Spriggan Skald)      Turns: 1044, Time: 00:02:54

Health: -1/18      AC:  2    Str:  8    XL:     3   Next: 35%
Magic:  8/8        EV: 19    Int: 14    God:
Gold:   69         SH:  0    Dex: 15    Spells: 6/7 levels left

rFire    . . .     SeeInvis +   a - +0 short sword
rCold    . . .     Gourm    .   (shield restricted)
rNeg     . . .     Faith    .   b - +0 robe
rPois    .         Spirit   .   (helmet restricted)
rElec    .         Reflect  .   (no cloak)
rCorr    .         Harm     .   (gloves unavailable)
MR       .....                  (boots unavailable)
Stlth    ++........             (no amulet)
HPRegen  0.06/turn              (no ring)
MPRegen  0.11/turn              (no ring)

@: very quick
A: very small, unfitting armour, see invisible, herbivore, speed 3, slow
metabolism 2
a: no special abilities


You were on level 2 of the Dungeon.
You were not hungry.

You visited 1 branch of the dungeon, and saw 2 of its levels.

You collected 69 gold pieces.

Inventory:

Hand Weapons
 a - a +0 short sword (weapon)
Armour
 b - a +0 robe (worn)
Scrolls
 e - a scroll of amnesia {unknown}
 g - a scroll of enchant weapon {unknown}
 h - a scroll of fog {unknown}
Potions
 f - a potion of mutation {unknown}
Books
 c - a book of Battle

   Spells                             Type                      Level
   a - Infusion                       Charms                       1
   b - Shroud of Golubria             Charms/Translocation         2
   c - Song of Slaying                Charms                       2
   d - Spectral Weapon                Hexes/Charms                 3
   e - Regeneration                   Charms/Necromancy            3
Comestibles
 d - a ration


   Skills:
 - Level 1.5 Fighting
 + Level 2.7 Short Blades
 + Level 4.3 Dodging
 + Level 2.2 Stealth
 - Level 2.6 Spellcasting
 + Level 5.0 Charms


You had 6 spell levels left.
You knew the following spells:

 Your Spells              Type           Power        Failure   Level  Hunger
a - Infusion              Chrm           ###.         2%          1    #......


Dungeon Overview and Level Annotations

Branches:
Dungeon (2/15)

Altars:
Dithmenos


Innate Abilities, Weirdness & Mutations

You are very small and have problems with some larger weapons.
You are too small for most types of armour.
You have supernaturally acute eyesight. (SInv)
You are a herbivore.
You cover ground extremely quickly.
You need consume almost no food.


Message History

The gnoll closely misses you. The adder bites you.
A worm and a gnoll come into view.
The gnoll shouts!
You hit the gnoll but do no damage.
The gnoll is lightly wounded.
The gnoll hits you. The adder completely misses you.
You hit the gnoll but do no damage.
The gnoll is lightly wounded.
The adder bites you.
* * * LOW HITPOINT WARNING * * *
The gnoll barely misses you.
You hit the gnoll.
The gnoll is lightly wounded.
The adder misses you. The gnoll completely misses you.
You barely miss the gnoll.
The gnoll is lightly wounded.
The adder bites you.
* * * LOW HITPOINT WARNING * * *
The gnoll misses you. The adder bites you.
You die...

#....#
#.###.###.#.
#....#
#......<..#.
#....#
#####...###.
##+#.#
#...........
#.#.#
#.#########.
#.#.# ..
#####...#
###
+......†#
######.@#
#Sg# ##r#
#r# .g. .w.
... #....


You could see a worm, 2 gnolls, an adder and 2 rats.

Vanquished Creatures
  A gnoll (D:1)
  A dart slug (D:1)
  A leopard gecko (D:1)
  2 ball pythons (D:1)
  3 giant cockroaches (D:1)
  A goblin (D:2)
  3 hobgoblins
  3 jackals (D:1)
  3 kobolds
  5 bats
  A frilled lizard (D:1)
  5 rats
29 creatures vanquished.

Notes
Turn   | Place    | Note
-------+----------+-------------------------------------------
     0 | D:1      | KristoblXynda the Spriggan Skald began the quest for the Orb.
     0 | D:1      | Reached XP level 1. HP: 10/10 MP: 5/5
   149 | D:1      | Reached skill level 1 in Stealth
   250 | D:1      | Reached XP level 2. HP: 14/14 MP: 6/6
   538 | D:1      | Reached XP level 3. HP: 16/18 MP: 8/8
   923 | D:2      | Found a shadowy altar of Dithmenos.
   946 | D:2      | Reached skill level 5 in Charms
  1044 | D:2      | Slain by an adder

Vault maps used:
D:1:      dpeg_arrival_arbitrary_c
D:2:      nicolae_dithmenos_shadow_blocks

Skill      XL: |  1  2  3 |
---------------+----------+-----
Stealth        | 1 2 |  2.2
Dodging        | 4 |  4.3
Charms         | 5 |  5.0
Fighting       | |  1.5
Short Blades   | |  2.7
Spellcasting   | |  2.6

Action                   || total
-------------------------++-------
Melee: Short sword       ||    98
 Stab: Sleeping          ||    11
Armor: Robe              ||    11
Dodge: Dodged            ||    83

Table legend:
 A = Spawn XP
 B = Non-spawn XP
 C = Spawn XP percentage of total XP
 D = Spawn monster count
 E = Non-spawn monster count
 F = Spawn count percentage of total count
 G = Total turns spent on level
                    A         B        C        D         E        F      G
               +---------+---------+-------+---------+---------+-------+---------
         Total |       0 |      61 |   0.0 |       0 |      29 |   0.0 |  1044
               +---------+---------+-------+---------+---------+-------+---------
           D:1 |       0 |      50 |   0.0 |       0 |      21 |   0.0 |   892
           D:2 |       0 |      11 |   0.0 |       0 |       8 |   0.0 |   152
               +---------+---------+-------+---------+---------+-------+---------
